 Dungeon Crawl Stone Soup version 0.28-a0-664-gc179e30c89 (webtiles) character file.

Game seed: 18385483688848673839

12249 timneilson the Protected (level 11, 0/68 HPs)
             Began as a Gargoyle Fighter on Oct 17, 2021.
             Was an Elder of Okawaru.
             Constricted to death by Jorgrun (7 damage)
             ... on level 12 of the Dungeon.
             The game lasted 00:26:39 (10960 turns).

timneilson the Protected (Gargoyle Fighter)        Turns: 10960, Time: 00:26:40

Health: 0/68       AC: 33    Str: 23    XL:     11   Next: 90%
Magic:  13/14      EV:  7    Int:  9    God:    Okawaru [****..]
Gold:   644        SH:  7    Dex:  9    Spells: 10/10 levels left

rFire   . . .      SeeInvis .   a - +0 long sword (vorpal)
rCold   . . .      Faith    .   c - +0 buckler
rNeg    + . .      Spirit   .   A - +0 plate armour
rPois   ∞          Reflect  .   i - +0 helmet
rElec   +          Harm     .   j - +0 cloak
rCorr   .          Rampage  .   p - +2 pair of gloves
Will    .....                   s - +0 pair of boots
Stlth   ..........              k - amulet of regeneration
HPRegen 1.21/turn               (no ring)
MPRegen 0.14/turn               (no ring)

@: heroic, grasped by roots, constricted
A: sickness immunity, AC +8, negative energy resistance 1, electricity
resistance, torment resistance 1, petrification resistance
a: Renounce Religion, Heroism, Finesse


You were on level 12 of the Dungeon.
You worshipped Okawaru.
Okawaru was greatly pleased with you.
You visited 2 branches of the dungeon, and saw 13 of its levels.
You also visited: Bailey.

You collected 644 gold pieces.

Inventory:

Hand Weapons
 a - a +0 vorpal long sword (weapon)
Armour
 c - a +0 buckler (worn)
 i - a +0 helmet (worn)
 j - a +0 cloak (worn)
 p - a +2 pair of gloves (worn)
 s - a +0 pair of boots (worn)
 A - a +0 plate armour (worn)
Jewellery
 k - an amulet of regeneration (around neck)
 o - a +4 ring of protection
 E - a ring of protection from cold
Wands
 d - a wand of flame (17)
 h - a wand of polymorph (6)
 u - a wand of iceblast (9)
 y - a wand of paralysis (7)
 z - a wand of acid (11)
 C - a wand of digging (3)
 F - a wand of mindburst (13)
Scrolls
 f - 4 scrolls of teleportation
 q - a scroll of magic mapping
 x - a scroll of fear
 B - a scroll of blinking
Potions
 e - a potion of might
 g - a potion of ambrosia
 l - 2 potions of flight
 m - a potion of brilliance
 n - a potion of attraction
 r - a potion of magic
 t - 3 potions of mutation
 v - a potion of lignification
 w - a potion of degeneration {unknown}


   Skills:
 + Level 7.7(12.7) Fighting
 * Level 8.4(13.4) Long Blades
 * Level 10.4(15.4) Armour
 + Level 5.0(10.0) Dodging
 * Level 10.3(15.3) Shields
 + Level 4.1 Invocations
 + Level 3.4 Evocations


You had 10 spell levels left.
You didn't know any spells.
Your spell library contained the following spells:

 Spells                   Type           Power      Damage    Failure   Level
 Foxfire                  Conj/Fire      0%         2x1d4     98%         1
 Pain                     Necr           0%         1d4       98%         1
 Sting                    Tmut/Pois      0%         1d3       98%         1
 Ensorcelled Hibernation  Hex/Ice        0%         N/A       99%         2
 Passwall                 Tmut/Erth      0%         N/A       99%         2
 Poisonous Vapours        Pois/Air       0%         N/A       99%         2
 Conjure Flame            Conj/Fire      0%         6-21      100%        3
 Inner Flame              Hex/Fire       0%         N/A       100%        3
 Swiftness                Air            0%         N/A       100%        3
 Vampiric Draining        Necr           0%         2d6       100%        3
 Flame Wave               Conj/Fire      0%         3d3       100%        4
 Olgreb's Toxic Radiance  Pois           0%         N/A       100%        4
 Invisibility             Hex            0%         N/A       100%        6
 Animate Skeleton         Necr           Unusable   N/A       N/A         1
 Tukima's Dance           Hex            Unusable   N/A       N/A         3

Dungeon Overview and Level Annotations

Branches:
Dungeon (12/15)            Temple (1/1) D:7            Lair (0/6) D:10
    Orc (0/2) D:9          Bailey (visited)

Altars:
Ashenzari
Cheibriados
Dithmenos
Elyvilon
Fedhas
Gozag
Hepliaklqana
Kikubaaqudgha
Makhleb
Nemelex Xobeh
Okawaru
Qazlal
Ru
Sif Muna
Trog
Uskayaw
Vehumet
Wu Jian
Xom
Yredelemnul
Zin
The Shining One

Shops:
D:1 (

Annotations:
D:12 Jorgrun


Innate Abilities, Weirdness & Mutations

You are immune to sickness and miasma.
Your stone body is resilient. (AC +8)
You are immune to poison.
You resist negative energy. (rN+)
You are resistant to electric shocks. (rElec)
You are resistant to unholy torment.
You are immune to petrification.


Message History

Jorgrun hits you but does no damage.
You closely miss Jorgrun.
Jorgrun is severely wounded.
Jorgrun hits you with a +0 vorpal quarterstaff!
You miss Jorgrun.
Jorgrun is severely wounded.
You feel like a meek peon again. Jorgrun gestures at you while chanting.
Roots burst forth from the earth!
The grasping roots grab you! The grasping roots constrict you!
You gain the combat prowess of a mighty hero.
You block Jorgrun's attack. The grasping roots constrict you!
You hit Jorgrun but do no damage.
Jorgrun is severely wounded.
You barely miss Jorgrun.
Jorgrun is severely wounded.
Jorgrun hits you but does no damage. The grasping roots constrict you.
You hit Jorgrun.
Jorgrun is severely wounded.
Jorgrun hits you but does no damage. The grasping roots constrict you!
You miss Jorgrun.
Jorgrun is severely wounded.
You completely miss Jorgrun.
Jorgrun is severely wounded.
Jorgrun hits you but does no damage. The grasping roots constrict you.
You barely miss Jorgrun.
Jorgrun is severely wounded.
Jorgrun casts a spell at you.
You are unaffected.
The grasping roots constrict you!
* * * LOW HITPOINT WARNING * * *
You closely miss Jorgrun.
Jorgrun is severely wounded.
Jorgrun hits you but does no damage. The grasping roots constrict you.
* * * LOW HITPOINT WARNING * * *
You feel much better.
Jorgrun hits you with a +0 vorpal quarterstaff!
* * * LOW HITPOINT WARNING * * *
x2 The grasping roots constrict you!
You die...

#........ #.......#
#.......# #...>...# #.#
#.......# #.# #.......#
#.# #.g.....# #.#
#.@.....## #.#
#......... #.#
#.......##
######.########.......#
................#####.#
#####.#########.# # #.#
#.# #.# #.# #.# #.#


You could see Jorgrun.

Vanquished Creatures
  Harold (D:7)
  A two-headed ogre (D:11)
  2 orc knights (Bailey)
  2 centaur zombies
  An elephant (D:10)
  A gargoyle (D:10)
  An unseen horror (D:11)
  2 trolls
  Sigmund (D:2)
  13 yaks
  A vampire (D:12)
  2 wyverns
  A wraith (D:12)
  Eustachio (D:4)
  2 basilisks (D:10)
  4 vampire mosquitoes (D:11)
  An acid dragon (D:9)
  2 water moccasins
  9 orc warriors
  An ice beast (D:7)
  2 hornet zombies
  A sky beast (D:6)
  An ogre (D:4)
  4 necrophages
  4 centaurs
  2 phantoms
  4 kobold brigands
  3 bullfrogs
  3 scorpions
  A wyvern skeleton (D:5)
  3 killer bees (D:8)
  4 electric eels
  5 howler monkeys
  2 hounds
  A gnoll shaman (D:5)
  9 orc priests
  3 jellies
  2 centaur skeletons (D:4)
  2 iguanas
  7 orc wizards
  A killer bee zombie (D:8)
  3 howler monkey zombies
  9 gnolls
  6 adders
  An ufetubus (D:5)
  An adder zombie (D:5)
  2 worms
  A dart slug (D:1)
  42 orcs
  5 bats
  3 endoplasms (D:1)
  7 giant cockroaches
  13 hobgoblins
  36 kobolds
  2 quokkas
  6 ball pythons
  6 frilled lizards
  3 goblins
  6 rats
265 creatures vanquished.

Notes
Turn   | Place    | Note
-------+----------+-------------------------------------------
     0 | D:1      | timneilson the Gargoyle Fighter began the quest for the
                  | Orb.
     0 | D:1      | Reached XP level 1. HP: 14/14 MP: 1/1
   266 | D:1      | Reached XP level 2. HP: 17/19 MP: 2/2
   767 | D:1      | Reached XP level 3. HP: 23/23 MP: 3/3
  1028 | D:1      | Found Loomios's Antique Weapon Boutique.
  1918 | D:2      | Found a faded altar of an unknown god.
  2428 | D:2      | Reached XP level 4. HP: 28/28 MP: 4/4
  2536 | D:2      | Noticed Sigmund
  2554 | D:2      | Killed Sigmund
  2555 | D:2      | Reached skill level 1 in Dodging
  2555 | D:2      | Reached XP level 5. HP: 11/33 MP: 5/5
  3034 | D:3      | Reached XP level 6. HP: 5/38 MP: 6/6
  3991 | D:4      | Noticed a necrophage
  4019 | D:4      | Killed a necrophage
  4058 | D:4      | Reached skill level 5 in Armour
  4066 | D:4      | Reached skill level 5 in Shields
  4068 | D:4      | Noticed Eustachio
  4086 | D:4      | Killed Eustachio
  4087 | D:4      | Reached XP level 7. HP: 31/44 MP: 7/7
  4379 | D:4      | Found a hazy altar of Hepliaklqana.
  4555 | D:4      | Reached XP level 8. HP: 48/48 MP: 8/8
  4846 | D:5      | Entered Level 5 of the Dungeon
  5105 | D:4      | Reached skill level 5 in Fighting
  5199 | D:5      | Reached skill level 5 in Long Blades
  5277 | D:5      | Identified the amulet "Lephumiy" {Faith rC+}
  5521 | D:6      | Reached XP level 9. HP: 52/54 MP: 9/9
  5811 | D:6      | Found a sparkling altar of Nemelex Xobeh.
  6095 | D:7      | Noticed Harold
  6397 | D:7      | You fall into a shaft and drop 1 floor!
  6402 | D:8      | Found a burning altar of Makhleb.
  6512 | D:7      | Killed Harold
  6516 | D:7      | Paralysed by a kobold for 5 turns
  6532 | D:7      | Reached XP level 10. HP: 45/60 MP: 10/10
  6607 | D:7      | Found a blossoming altar of Fedhas.
  6688 | D:7      | Found a staircase to the Ecumenical Temple.
  6700 | Temple   | Entered the Ecumenical Temple
  6839 | Temple   | Became a worshipper of Warmaster Okawaru
  7306 | D:8      | Found a shimmering blue altar of Sif Muna.
  7436 | D:8      | Reached skill level 1 in Invocations
  7492 | D:8      | Reached skill level 1 in Evocations
  7775 | D:9      | Found a flagged portal.
  7784 | Bailey   | Entered a bailey
  7790 | Bailey   | Noticed an orc knight
  7791 | Bailey   | Noticed an orc knight
  7928 | Bailey   | Killed an orc knight
  7928 | Bailey   | Reached * piety under Okawaru
  8112 | Bailey   | Killed an orc knight
  8393 | D:9      | HP: 3/61 [kobold brigand/bolt (11)]
  8567 | D:9      | Reached ** piety under Okawaru
  8595 | D:9      | Reached XP level 11. HP: 52/66 MP: 12/12
  8766 | D:9      | Found a staircase to the Orcish Mines.
  8968 | D:10     | Entered Level 10 of the Dungeon
  9221 | D:10     | Found a staircase to the Lair.
  9251 | D:10     | Reached *** piety under Okawaru
  9556 | D:10     | Found a sacrificial altar of Ru.
  9967 | D:11     | Reached skill level 10 in Armour
 10032 | D:11     | Reached **** piety under Okawaru
 10033 | D:11     | Reached skill level 10 in Shields
 10065 | D:11     | Noticed a two-headed ogre
 10077 | D:11     | Killed a two-headed ogre
 10740 | D:11     | Reached skill level 5 in Dodging
 10876 | D:12     | Identified the +9 hand axe "Hifit" {pain, rPois rCorr Str-4
                  | Dex+4}
 10924 | D:12     | Noticed Jorgrun
 10960 | D:12     | Constricted to death by Jorgrun

Illustrated notes

Levels and vault maps discovered:
D:1:      sevenhm_arrival_forest_fort_large_1, layout_loops_ring, serial_shops,
          shop
D:2:      layout_basic, hellmonk_ecumenical_altar_zigzags, skrybe_limestone_x,
          uniq_sigmund
D:3:      layout_basic, minivault_24
D:4:      layout_basic, mainiacjoe_overflow_catwalk, kennysheep_generic_room_10,
          uniq_eustachio
D:5:      layout_rooms, grunt_ministairs_13
D:6:      layout_basic, nemelex_xobeh_ov_fountains_minmay
D:7:      layout_cave_pools, general_overflow_altar,
          minmay_temple_entry_butterflies, dk_noncrumbling_4,
          kennysheep_generic_room_11, uniq_harold
D:8:      statuecave_lemuel, layout_rooms, amcnicky_altar_gilded,
          mainiacjoe_overflow_brackets
D:9:      layout_roguey, orc_0_dummy, enter_bailey_2
D:10:     layout_basic, nicolae_ru_great_annihilating_truth, david_lair_generic
D:11:     layout_roguey, minmay_misc_feat_columns, kennysheep_doodads
D:12:     layout_small_grid, uniq_jorgrun
Temple:   regret_index_temple_sphere_string

Skill      XL: |  1  2  3  4  5  6  7  8  9 10 11 |
---------------+----------------------------------+-----
Long Blades    | 2 3 4 5 6 7 8 |  8.4
Armour         | 4 5 7 8 9 10 | 10.4
Dodging        | 1 2 3 4 5 |  5.0
Shields        | 4 5 6 8 9 10 | 10.3
Fighting       | 4 5 6 7 |  7.7
Invocations    | 2 4 |  4.1
Evocations     | 2 3 |  3.4

Action                   |  1- 3 |  4- 6 |  7- 9 | 10-12 || total
-------------------------+-------+-------+-------+-------++-------
Melee: Long sword        |   157 |   102 |   426 |   772 ||  1457
Invok: Heroism           |       |       |       |     9 ||     9
Evoke: Wand              |       |       |       |     7 ||     7
  Use: Scroll            |     2 |     3 |     3 |     9 ||    17
       Potion            |       |     1 |     4 |    11 ||    16
 Stab: Paralysed         |       |       |       |     1 ||     1
Armor: Scale mail        |    71 |    47 |    16 |       ||   134
       Chain mail        |       |       |   227 |   264 ||   491
       Plate armour      |       |       |       |   299 ||   299
Dodge: Dodged            |    83 |    47 |   175 |   288 ||   593
Block: Buckler           |    33 |    23 |   104 |   209 ||   369

Table legend: (Time is in decaauts)
 A = Elapsed time spent in this place.
 B = Non-inter-level travel time spent in this place.
 C = Inter-level travel time spent in this place.
 D = Time resting spent in this place.
 E = Time spent auto-exploring this place.
 F = Levels seen in this place.
 G = Mean time per level.
                   A        B        C        D        E       F      G
               +--------+--------+--------+--------+--------+-----+--------+
         Total |  11086 |  10799 |    287 |    347 |   7151 |  14 |  791.9 |
       Dungeon |  10411 |  10154 |    257 |    311 |   6940 |  12 |  867.6 |
        Temple |    191 |    161 |     30 |      0 |    141 |   1 |  191.0 |
        Bailey |    483 |    483 |      0 |     35 |     70 |   1 |  483.0 |
               +--------+--------+--------+--------+--------+-----+--------+

Top non-repeatable levels by time:
     D:2: 1756 daAuts
     D:1: 1562 daAuts
    D:10: 968 daAuts
     D:4: 889 daAuts
    D:11: 830 daAuts
     D:6: 777 daAuts
     D:3: 750 daAuts
     D:9: 715 daAuts
     D:8: 698 daAuts
     D:7: 643 daAuts
     D:5: 616 daAuts
  Bailey: 483 daAuts
    D:12: 202 daAuts
  Temple: 191 daAuts
